 Dungeon Crawl Stone Soup version 0.21.1-1-g345015f (webtiles) character file.

95 Kairos the Shield-Bearer (level 4, 0/35 HPs)
             Began as a Human Fighter on Mar 29, 2018.
             Killed by the air
             ... invoked by GenChuck's ghost
              (14 damage)
             ... on level 3 of the Dungeon.
             The game lasted 00:04:06 (1888 turns).

Kairos the Shield-Bearer (Human Fighter)            Turns: 1888, Time: 00:04:07

Health: 0/35       AC: 12    Str: 16    XL:     4   Next: 97%
Magic:  4/4        EV:  7    Int:  9    God:
Gold:   100        SH:  9    Dex: 13    Spells: 3/3 levels left

rFire    . . .     SeeInvis .   h - +1 hand axe (freeze)
rCold    . . .     Gourm    .   c - +0 shield
rNeg     . . .     Faith    .   b - +0 scale mail
rPois    .         Spirit   .   (no helmet)
rElec    .         Reflect  .   w - +0 cloak
rCorr    .         Harm     .   (no gloves)
MR       .....                  (no boots)
Stlth    ..........             v - amulet of rage
HPRegen  0.11/turn              j - +4 ring of protection
MPRegen  0.09/turn              p - ring of flight

@: no status effects
A: no striking features
a: Evoke Berserk Rage, Evoke Flight


You were on level 3 of the Dungeon.
You were not hungry.

You visited 1 branch of the dungeon, and saw 3 of its levels.

You collected 100 gold pieces.

Inventory:

Hand Weapons
 a - a +0 war axe
 h - a +1 hand axe of freezing (weapon)
 m - a +0 mace of protection
Missiles
 l - 3 javelins (quivered)
Armour
 b - a +0 scale mail (worn)
 c - a +0 shield (worn)
 w - a +0 cloak (worn)
Jewellery
 j - a +4 ring of protection (left hand)
 p - a ring of flight (right hand)
 v - an amulet of rage (around neck)
Scrolls
 i - a scroll of amnesia {unknown}
 k - 2 scrolls of teleportation
 r - a scroll of remove curse {unknown}
 s - a scroll of fog {unknown}
Potions
 d - 3 potions of might
 e - 2 potions of haste
 n - a potion of brilliance {unknown}
 o - 2 potions of mutation
 q - a potion of heal wounds
 t - a potion of degeneration {unknown}
Comestibles
 f - 9 rations
 u - a chunk of flesh


   Skills:
 + Level 3.4 Fighting
 + Level 3.0 Axes
 + Level 3.6 Armour
 + Level 0.2 Dodging
 + Level 3.7 Shields


You had 3 spell levels left.
You didn't know any spells.

Dungeon Overview and Level Annotations

Branches:
Dungeon (3/15)

Altars:

Annotations:
D:3 GenChuck's ghost, amateur DrAE


Message History

You closely miss the orc.
The orc is severely wounded.
You closely miss the rat. You block the rat's attack.
You block the orc's attack.
GenChuck's ghost points at you and mumbles some strange words.
The zap hits you! The rat bites you but does no damage.
You slash the orc! You freeze the orc.
You kill the orc!
Your Axes skill increases to level 3!
You hit the rat. You freeze the rat.
You kill the rat!
You found a teleport trap!
The quokka bites you.
GenChuck's ghost waves its arms in wide circles.
The air twists around and strikes you!
You closely miss the quokka. You block the quokka's attack.
GenChuck's ghost points at you and mumbles some strange words.
The zap hits you! You block the quokka's attack.
GenChuck's ghost waves its arms in wide circles.
The air twists around and strikes you!
You die...

#.. #.......#
..##........
..#.......#
#.........#
#...W....
###......
#.....r#
#...).^#
#...@..###>.
#.<..†.....#
#......###.#
#..........
.(..!...###.#
#..#......#
...##......#
.## #......#
#.######


You could see GenChuck's ghost and a quokka.

Vanquished Creatures
  2 adders (D:2)
  2 oozes (D:2)
  2 dart slugs
  A worm (D:2)
  A leopard gecko (D:2)
  An orc (D:3)
  A ball python (D:2)
  8 goblins
  7 hobgoblins
  14 jackals (D:2)
  3 kobolds (D:2)
  2 quokkas (D:2)
  2 bats
  2 frilled lizards
  5 rats
53 creatures vanquished.

Notes
Turn   | Place    | Note
-------+----------+-------------------------------------------
     0 | D:1      | Kairos the Human Fighter began the quest for the Orb.
     0 | D:1      | Reached XP level 1. HP: 18/18 MP: 1/1
   319 | D:1      | Reached XP level 2. HP: 24/24 MP: 2/2
   808 | D:2      | Reached XP level 3. HP: 20/29 MP: 3/3
  1168 | D:2      | Reached XP level 4. HP: 30/35 MP: 4/4
  1883 | D:3      | Noticed GenChuck's ghost (amateur DrAE)
  1888 | D:3      | Killed from afar by GenChuck's ghost

Skill      XL: |  1  2  3  4 |
---------------+-------------+-----
Axes           | 3 |  3.0
Fighting       | |  3.4
Armour         | |  3.6
Dodging        | |  0.2
Shields        | |  3.7

Action                   |  1- 3 |  4- 6 || total
-------------------------+-------+-------++-------
Melee: Hand axe          |    75 |    73 ||   148
       War axe           |     3 |       ||     3
  Use: Scroll            |       |     4 ||     4
  Eat: Chunk             |       |     3 ||     3
Armor: Scale mail        |    26 |    39 ||    65
Dodge: Dodged            |    19 |    20 ||    39
Block: Shield            |    33 |    34 ||    67
